 Dungeon Crawl Stone Soup version 0.31-a0-83-gbff143cfd1 (webtiles) character file.

Game seed: 1853658942279281473

2 Esekla the Sneak (level 1, 16/16 HPs)
             Began as an Octopode Delver on May 24, 2023.
             Quit the game on level 5 of the Dungeon.
             The game lasted 00:00:55 (101 turns).

Esekla the Sneak (Octopode Delver)                   Turns: 101, Time: 00:00:55

Health: 16/16      AC:  1    Str: 11    XL:     1   Next: 40%
Magic:  1/1        EV: 13    Int: 12    God:
Gold:   0          SH:  0    Dex: 13    Spells: 0/0 levels left

rFire   . . .        a - +0 falchion
rCold   . . .        (no shield)
rNeg    . . .        (helmet restricted)
rPois   .            (no amulet)
rElec   .            (no ring)
rCorr   .            (no ring)
SInv    .            (no ring)
Will    .....        (no ring)
Stlth   ++++         (no ring)
HPRegen 0.22/turn    (no ring)
MPRegen 0.07/turn    (no ring)
                     (no ring)

%: no passive effects
@: no status effects
A: almost no armour, amphibious, 8 rings, camouflage 1, gelatinous body 1,
(nimble swimmer 1), tentacles
a: no special abilities


You were on level 5 of the Dungeon.
You visited 1 branch of the dungeon, and saw 1 of its levels.

Inventory:

Hand Weapons
 a - a +0 falchion (weapon)
Jewellery
 c - a ring of poison resistance
Wands
 d - a wand of paralysis (14)
 f - a wand of digging (3)
Scrolls
 b - a scroll of fog
 g - 2 scrolls of identify {unknown}
Potions
 e - a potion of haste
 h - a potion of ambrosia {unknown}


   Skills:
 + Level 3.0 Fighting
 + Level 2.0 Long Blades
 + Level 2.0 Dodging
 + Level 6.7 Stealth


You couldn't memorise any spells.
You didn't know any spells.
Your spell library was empty.

Dungeon Overview and Level Annotations

Branches:
Dungeon (5/15)
 Temple: D:4-7

Altars:
Hepliaklqana
Makhleb


Innate Abilities, Weirdness & Mutations

You cannot wear most types of armour.
You are amphibious.
You can wear up to eight rings at the same time.
Your skin changes colour to match your surroundings (Stealth+).
Your rubbery body absorbs attacks. (AC +1, EV +1)
((You are camouflaged when in or above water. (Stealth+)))
You have tentacles for arms and can constrict up to eight enemies at once.


Message History

Press ? for a list of commands and other information.
Found a stone staircase leading down.
Found a scroll labelled YMINNI VUNGE.
g - a scroll labelled YMINNI VUNGE
Found a robe.
As you read the scroll of magic mapping, it crumbles to dust.
You feel aware of your surroundings.
You sensed 2 altars.
Found an emerald ring.
An iguana comes into view.
The iguana hisses angrily.
Found an inky potion.
You see here a ring of poison resistance.
c - a ring of poison resistance You see here an inky potion.
h - an inky potion Unknown command.
As you read the scroll of fear, it crumbles to dust.
You assume a fearsome visage.
The iguana looks frightened!
Found a blackened ivory wand.
A dart slug comes into view.
Found a scroll labelled YMINNI VUNGE.
You see here a wand of paralysis (14).
d - a wand of paralysis (14)
The helpless dart slug fails to defend itself.
You hit the dart slug. You grab the dart slug.
You squeeze the dart slug, but do no damage.
The dart slug is lightly wounded.
You constrict the dart slug. The dart slug closely misses you.
You hit the dart slug. You squeeze the dart slug.
You kill the dart slug!
g - 2 scrolls labelled YMINNI VUNGE (gained 1)
You open the door.
There is an open door here.
You open the large door.
There is a large open translucent door here.
An iguana comes into view.
Found a hazy altar of Hepliaklqana.
A quokka comes into view.
Found a burning altar of Makhleb.
Are you sure you want to abandon this character and quit the game? (Confirm with "yes".)

#.............# #...#..# #.
##.............###**#....###.
#........l.......# ###....#.
#........######..#####.......
#........#⌠...##.#...#.###...
###.#.8+8#l._..#.#...#.# #...
#...#.######.#.#...#.###...
##..#..'.....#...........#>
##.#..'..@..#.......######
#.#.######.#.#...###
#.8'8#r._..#.#...#
#....#⌠...##.#...#
#....######......#
#..............###
###...........##
#############


There were no monsters in sight!

Vanquished Creatures
  A dart slug (D:5)
1 creature vanquished.

Notes
Turn   | Place    | Note
-------+----------+-------------------------------------------
     0 | D:5      | Esekla the Octopode Delver began the quest for the Orb.
     0 | D:5      | Reached XP level 1. HP: 16/16 MP: 1/1
    42 | D:5      | Noticed an iguana
    71 | D:5      | Found a large runed translucent door.
    72 | D:5      | Found a large runed translucent door.
    95 | D:5      | Found a hazy altar of Hepliaklqana.
    95 | D:5      | Noticed an iguana
    98 | D:5      | Found a burning altar of Makhleb.
   101 | D:5      | Quit the game

Illustrated notes

Levels and vault maps discovered:
D:5:      layout_basic, jmf_multi_god_temple2

Action                     || total
---------------------------++-------
  Melee: Falchion          ||     2
         Tentacles         ||     2
         Constrict         ||     1
    Use: Scroll            ||     2
   Stab: Sleeping          ||     1
  Dodge: Dodged            ||     1

Table legend: (Time is in decaauts)
 A = Elapsed time spent in this place.
 B = Non-inter-level travel time spent in this place.
 C = Inter-level travel time spent in this place.
 D = Time resting spent in this place.
 E = Time spent auto-exploring this place.
 F = Levels seen in this place.
 G = Mean time per level.
                   A        B        C        D        E       F      G
               +--------+--------+--------+--------+--------+-----+--------+
         Total |    101 |    101 |      0 |      0 |      0 |   1 |  101.0 |
       Dungeon |    101 |    101 |      0 |      0 |      0 |   1 |  101.0 |
               +--------+--------+--------+--------+--------+-----+--------+

Top non-repeatable levels by time:
     D:5: 101 daAuts
